AoeStats
← Immaez

African Clearing

510835633Analyzed
4v4 RM · 9h ago on Oct 2, 2026· 30m 8s· 8 players
Game mode
Random Map
Map size
Large (8 player)
Population
200
Speed
Normal
Resources
Standard
Victory
Conquest
Starting age
Dark Age
Ending age
Imperial Age
RankedLock teamsTeams togetherTeam positionsShared explorationLock speedFull tech treeHidden civsTurbo modeCheats
Victory
Defeat
🇮🇹 Huns · Italy
1294
+15
🇧🇪 Varangians · Belgium
1268
+16
🇵🇱 Danes · Poland
1258
+38
🇹🇷 Hindustanis · Türkiye
1244
+16
🇺🇸 Huns · United States
1287
-17
🇳🇴 Aztecs · Norway
1276
-16
🇳🇱 Slavs · Netherlands
1275
-16
🇹🇷 Malay · Türkiye
1216
-14
Immaez
13:54 Feudal Age
17:41 Castle Age
15:56 Scale Mail Armor
16:07 Forging
16:05 Loom
16:19 Double-Bit Axe
16:14 Horse Collar
18:48 Bow Saw
18:55 Chain Mail Armor
20:18 Town Watch
27:24 Arson
27:40 Squires
28:20 Iron Casting
28:13 Heavy Plow
29:22 Wheelbarrow
PetsSs
3:38 Loom
12:52 Feudal Age
12:36 Loom
13:32 Double-Bit Axe
16:26 Castle Age
18:40 Horse Collar
27:01 Bloodlines
27:14 Scale Barding Armor
28:36 Chain Barding Armor
ツ DeePDeBRiS ツ
7:45 Loom
13:21 Feudal Age
14:37 Double-Bit Axe
18:18 Forging
18:14 Scale Barding Armor
19:29 Bloodlines
25:03 Castle Age
25:06 Light Cavalry
25:51 Husbandry
26:15 Bow Saw
30:45 Chain Barding Armor
the ARCHitect
3:02 Loom
14:33 Feudal Age
18:21 Fletching
26:00 Castle Age
Nutty
11:50 Loom
13:36 Feudal Age
14:16 Man-at-Arms
14:50 Double-Bit Axe
14:58 Horse Collar
15:47 Arson
16:56 Forging
18:03 Scale Mail Armor
32:15 Castle Age
Maudje10
9:26 Loom
12:04 Feudal Age
12:51 Double-Bit Axe
14:31 Horse Collar
16:08 Bloodlines
17:10 Scale Barding Armor
22:54 Castle Age
21:47 Fletching
22:08 Forging
ChuckMawHinneyS
5:17 Loom
10:25 Loom
14:20 Feudal Age
13:55 Double-Bit Axe
20:33 Castle Age
19:01 Stone Mining
25:59 Horse Collar
byersg4
4:02 Loom
13:02 Feudal Age
13:37 Double-Bit Axe
13:35 Horse Collar
15:35 Scale Barding Armor
15:41 Forging
22:08 Wheelbarrow
23:26 Gold Mining
27:03 Castle Age
26:06 Bloodlines
27:27 Light Cavalry
28:09 Husbandry
28:28 Fletching
28:38 Padded Archer Armor
30:03 Bodkin Arrow
Connection lost

Rejoining the realm…

Still unreachable

The connection could not be restored.

Session expired

The server has moved on; the page needs a fresh start.